 Dungeon Crawl Stone Soup version 0.27.1-33-g824d729ab1 (webtiles) character file.

Game seed: 16892348781357391416

1304 lonewolfV2 the Slasher (level 8, -2/106 HPs)
             Began as a Minotaur Chaos Knight on Dec 16, 2021.
             Was a Plaything of Xom.
             Slain by a killer bee (7 damage)
             ... on level 7 of the Dungeon.
             The game lasted 00:15:09 (8307 turns).

lonewolfV2 the Slasher (Minotaur Chaos Knight)      Turns: 8307, Time: 00:15:12

Health: -2/106     AC: 24    Str: 18    XL:     8   Next: 31%
Magic:  7/7        EV:  2    Int: 11    God:    Xom [..*...]
Gold:   1293       SH:  0    Dex: 11    Spells: 7/7 levels left

rFire    + . .     SeeInvis .   p - +7 mace of Reapportionment {flame, rC+}
rCold    + + .     Faith    .   (no shield)
rNeg     + + +     Spirit   .   (armour currently unavailable)
rPois    +         Reflect  .   (helmet currently unavailable)
rElec    +         Harm     .   (cloak currently unavailable)
rCorr    +         Rampage  .   (gloves currently unavailable)
Will     .....     Clarity  +   (boots currently unavailable) Stlth ++........NoTele +
                                (no amulet)
HPRegen  0.27/turn              (no ring)
MPRegen  0.10/turn              (no ring)

@: tree-form, resistant, studying Shields
A: stationary, stasis, torment immunity, boosted hp, (horns 2), (retaliatory
headbutt), agile 1, clarity, clever 1, (deformed body), weak 1, evolution 1
a: Renounce Religion


You were on level 7 of the Dungeon.
You worshipped Xom.
You were a toy of Xom.
You were a tree.
You visited 1 branch of the dungeon, and saw 7 of its levels.
You also visited: Sewer.

You collected 1293 gold pieces.

Inventory:

Hand Weapons
 a - a +0 hand axe of chaos
 c - a +0 triple sword of freezing
 p - the +7 mace of Reapportionment (weapon) {flame, rC+}
   (You found it on level 6 of the Dungeon)

   It burns those it strikes, dealing additional fire damage.
   rC:        It protects you from cold.
Armour
 b - a +2 leather armour (melded)
Jewellery
 j - a ring of poison resistance
Wands
 l - a wand of acid (14)
Scrolls
 f - a scroll of identify
 i - a scroll of blinking
 k - a scroll of fear
 m - a scroll of teleportation
 n - a scroll of amnesia
Potions
 d - 2 potions of degeneration
 e - 3 potions of flight
 g - a potion of lignification
 h - 2 potions of invisibility
 r - 2 potions of haste


   Skills:
 + Level 6.5 Fighting
 + Level 7.1 Long Blades
 + Level 4.2(4.6) Axes
 + Level 2.7(3.9) Maces & Flails
 + Level 4.8 Armour
 + Level 4.5 Dodging
 + Level 1.6 Stealth


You had 7 spell levels left.
You didn't know any spells.
Your spell library contained the following spells:

 Spells                   Type           Power      Damage    Failure   Level
 Apportation              Tloc           0%         N/A       34%         1
 Call Canine Familiar     Summ           0%         N/A       71%         3
 Gell's Gravitas          Tloc           0%         N/A       71%         3
 Lesser Beckoning         Tloc           0%         N/A       71%         3
 Portal Projectile        Hex/Tloc       0%         N/A       71%         3
 Teleport Other           Tloc           0%         N/A       71%         3
 Olgreb's Toxic Radiance  Pois           0%         N/A       98%         4
 Passage of Golubria      Tloc           N/A        N/A       98%         4
 Blade Hands              Tmut           0%         N/A       100%        5
 Excruciating Wounds      Necr           0%         N/A       100%        5
 Dispersal                Tloc           0%         N/A       100%        6
 Monstrous Menagerie      Summ           0%         N/A       100%        7
 Ozocubu's Refrigeration  Ice            0%         4d5       100%        7
 Ignition                 Fire           0%         3d3       100%        8


Dungeon Overview and Level Annotations

Branches:
Dungeon (7/15)             Temple (0/1) D:7           Sewer (visited)

Altars:
Fedhas
Gozag
Sif Muna
Trog
Xom


Innate Abilities, Weirdness & Mutations

You are a tree.
Your roots penetrate the ground, keeping you stationary.
You cannot be teleported.
You are immune to unholy pain and torment.
Your maximum health is greatly increased.
Your equipment is partially melded.
((You have a pair of horns on your head.))
((You reflexively headbutt those who attack you in melee.))
You are agile. (Dex +2)
You possess an exceptional clarity of mind.
Your mind is acute. (Int +2)
((Armour fits poorly on your strangely shaped body.))
You are weak. (Str -2)
You evolve.


Message History

You feel less confused.
You feel very sick. The killer bee closely misses you. You furiously retaliate!
You headbutt the killer bee. The killer bee stings you.
* * * LOW HITPOINT WARNING * * *
You feel protected.
You feel sick. The killer bee stings you.
* * * LOW HITPOINT WARNING * * *
The killer bee closely misses you.
You barely miss the killer bee.
The killer bee is lightly wounded.
You feel sick. The killer bee stings you.
* * * LOW HITPOINT WARNING * * *
The killer bee barely misses you.
Really quaff the potion of lignification?
You turn into a tree.
Your +2 leather armour melds into your body.
Your roots penetrate the ground.
You feel sick.
The killer bee stings you but does no damage. x2
You thump the killer bee! You burn the killer bee.
The killer bee is heavily wounded.
You feel sick.
The killer bee stings you but does no damage. x3
You hit the killer bee. You burn the killer bee.
The killer bee is severely wounded.
You feel sick. The killer bee barely misses you.
The killer bee stings you but does no damage.
You barely miss the killer bee.
The killer bee is severely wounded.
You feel sick.
Xom smirks.
You feel aware of your surroundings.
You sensed 1 altar.
The killer bee stings you but does no damage. x3
You sock the killer bee! You burn the killer bee.
You kill the killer bee!
You feel sick.
You are no longer poisoned.
The killer bee stings you but does no damage.
The killer bee stings you!
You die...

#...........#
#..##
#.##.##<#####
#..##
#.##.##.#
#..##
#....##.#
##...
#..####.# ##.#
#.......# ,,
#.# ##.######
, #.# #.# *,
... #♣# * ,
#.. * ****#y#*
* #.#
#........#****
#.#
#.######.#*,
,<, ,,* ***.#
* *,, ,, ,,,
.. ,, *, *
,≈≈≈ ≈§§§ ,,,
* , ,, ,§.. ,,
*,, ≈≈§≈§≈ *


You could see a killer bee.

Vanquished Creatures
  A steam dragon (D:7)
  A water moccasin (D:7)
  A bullfrog (D:7)
  3 scorpions
  2 killer bees (D:7)
  3 howler monkeys (D:7)
  3 hounds
  4 orc priests
  A centaur skeleton (D:4)
  A bullfrog skeleton (D:6)
  3 iguanas
  2 orc wizards
  Robin (D:2)
  6 adders
  3 gnolls
  2 shadow imps
  An adder skeleton (D:4)
  8 worms
  4 dart slugs
  14 orcs
  10 endoplasms
  4 giant cockroaches
  18 goblins
  5 hobgoblins
  8 jackals
  3 quokkas
  9 ball pythons
  9 bats
  4 frilled lizards
  7 kobolds
  8 rats
149 creatures vanquished.

Notes
Turn   | Place    | Note
-------+----------+-------------------------------------------
     0 | D:1      | lonewolfV2 the Minotaur Chaos Knight began the quest for
                  | the Orb.
     0 | D:1      | Reached XP level 1. HP: 19/19 MP: 0/0
    51 | D:1      | XOM: silly message
    68 | D:1      | XOM: silly message
   129 | D:1      | XOM: silly message
   242 | D:1      | Reached XP level 2. HP: 27/27 MP: 1/1
   366 | D:1      | XOM: enchant monster (good)
   409 | D:1      | Found a faded altar of an unknown god.
   859 | D:1      | XOM is BORED!
   859 | D:1      | XOM: give mutations
   859 | D:1      | Gained mutation: You are agile. (Dex +2) [Xom's mischief]
   859 | D:1      | Gained mutation: You possess an exceptional clarity of
                  | mind. [Xom's mischief]
   859 | D:1      | Gained mutation: You are weak. (Str -2) [Xom's mischief]
   916 | D:2      | XOM: potion effect (might)
   942 | D:2      | Reached XP level 3. HP: 34/34 MP: 2/2
   954 | D:2      | Got the Collected Works on the Compass and the Entourage
   957 | D:2      | Found a bloodstained altar of Trog.
  1058 | D:2      | Noticed Robin
  1066 | D:2      | Killed Robin
  1067 | D:2      | Reached skill level 1 in Long Blades
  1074 | D:2      | Reached XP level 4. HP: 15/41 MP: 3/3
  1385 | D:2      | Reached skill level 2 in Long Blades
  1776 | D:2      | You fall into a shaft and drop 1 floor!
  1794 | D:3      | XOM: noise
  1949 | D:3      | Found a glowing drain.
  1966 | Sewer    | Entered a sewer
  1978 | Sewer    | Reached XP level 5. HP: 20/47 MP: 4/4
  2136 | Sewer    | XOM: noise
  2146 | Sewer    | Reached skill level 3 in Long Blades
  2225 | Sewer    | Identified a scroll of acquirement
  2225 | Sewer    | Acquired 870 gold pieces
  2357 | Sewer    | XOM: cloud trail
  2519 | Sewer    | XOM: god gift: scroll of noise
  2642 | Sewer    | Reached skill level 5 in Fighting
  3640 | D:3      | XOM: draining
  3642 | D:3      | Found a blossoming altar of Fedhas.
  4221 | D:4      | Found an opulent altar of Gozag.
  4271 | D:4      | Reached skill level 4 in Long Blades
  4296 | D:4      | XOM: repel stairs
  4303 | D:4      | Reached XP level 6. HP: 29/55 MP: 5/5
  4376 | D:4      | XOM: give mutations
  4376 | D:4      | Lost mutation: You are weak. (Str -2) [Xom's mischief]
  4376 | D:4      | Gained mutation: You are weak. (Str -2) [Xom's mischief]
  4376 | D:4      | Gained mutation: You sometimes lose the ability to read
                  | scrolls when taking damage. [Xom's mischief]
  4881 | D:5      | Entered Level 5 of the Dungeon
  4904 | D:5      | HP: 1/56 [something (2)]
  5248 | D:5      | XOM: stat loss: -1 Int (8/9)
  5298 | D:5      | Reached skill level 5 in Long Blades
  5696 | D:5      | Reached XP level 7. HP: 62/62 MP: 6/6
  5738 | D:5      | XOM: divination: detect creatures
  6237 | D:6      | Reached skill level 1 in Stealth
  6322 | D:6      | Reached skill level 6 in Long Blades
  6337 | D:6      | XOM: 5-stop teleportation journey
  6399 | D:6      | XOM: silly message
  6753 | D:6      | Identified the +7 mace of Reapportionment {flame, rC+}
  6788 | D:6      | Found a shimmering blue altar of Sif Muna.
  7064 | D:7      | XOM: 2-stop teleportation journey
  7261 | D:7      | XOM: scenery: create altars
  7274 | D:7      | Noticed a steam dragon
  7285 | D:7      | Killed a steam dragon
  7286 | D:7      | Reached skill level 1 in Maces & Flails
  7487 | D:7      | Found a staircase to the Ecumenical Temple.
  7508 | D:7      | XOM: give mutations
  7508 | D:7      | Lost mutation: You sometimes lose the ability to read
                  | scrolls when taking damage. [Xom's mischief]
  7508 | D:7      | Gained mutation: Armour fits poorly on your strangely
                  | shaped body. [Xom's mischief]
  7521 | D:7      | Reached XP level 8. HP: 48/71 MP: 7/7
  7537 | D:7      | Reached skill level 7 in Long Blades
  7616 | D:7      | XOM: give mutations
  7616 | D:7      | Gained mutation: You evolve. [Xom's grace]
  7616 | D:7      | Gained mutation: Your mind is acute. (Int +2) [Xom's grace]
  8306 | D:7      | XOM: divination: magic mapping
  8307 | D:7      | HP: 5/106 [poisoned by a killer bee]
  8307 | D:7      | Slain by a killer bee

Illustrated notes

Levels and vault maps discovered:
D:1:      heliophobic_arrival_dark_side_of_the_moon, layout_basic,
          shapermc_ecumenical_altar_mp_ritualfount, minmay_crystal_water,
          minmay_pentomino_t4
D:2:      layout_rooms, basic_altar, uniq_robin
D:3:      wad_lake_hut, layout_basic, fedhas_altar_1,
          cheibrodos_sewer_entry_sluice
D:4:      layout_loops_ring, mainiacjoe_overflow_tiny_flanked
D:5:      layout_basic
D:6:      layout_cave_pools, nicolae_sif_muna_little_library
D:7:      layout_loops_cross, mainiacjoe_overflow_catwalk_spiral,
          minmay_temple_entry_statues

Skill      XL: |  1  2  3  4  5  6  7  8 |
---------------+-------------------------+-----
Fighting       | 4 5 6 |  6.5
Axes           | 4 |  4.2
Long Blades    | 1 2 4 5 6 7 |  7.1
Dodging        | 2 3 4 |  4.5
Armour         | 3 4 |  4.8
Stealth        | 1 |  1.6
Maces & Flails | 1 2 |  2.7

Action                   |  1- 3 |  4- 6 |  7- 9 || total
-------------------------+-------+-------+-------++-------
Melee: Hand axe          |    10 |       |       ||    10
       Headbutt          |    10 |    22 |    12 ||    44
       Triple sword      |    51 |   134 |    22 ||   207
       Mace              |       |       |    66 ||    66
  Use: Scroll            |     3 |    12 |     4 ||    19
       Potion            |       |    10 |     6 ||    16
 Stab: Distracted        |       |     1 |       ||     1
       Sleeping          |       |       |     1 ||     1
Armor: Leather armour    |    53 |    65 |    32 ||   150
       Skin              |       |       |    10 ||    10
Dodge: Dodged            |    89 |   150 |    66 ||   305
       Rpst.: Triple sword |    18 |    38 |     2 ||    58
